[Event "Titled Tuesday Blitz April 4 Early 2023"]
[White "Domingo Nunez, Alejandro"]
[Black "Girsh, Daniel"]
[WhiteFideId "22245561"]
[BlackFideId "30949190"]
[WhiteElo "2291"]
[BlackElo "2075"]
[Result "1-0"]
[Round "01"]
[TimeControl "180+2"]
[Date "2023.04.04"]
[WhiteClock "0:00:12"]
[BlackClock "0:00:11"]

1. e4 e5 2. Nf3 Nc6 3. Bc4 Nf6 4. d3 Bc5 5. O-O O-O 6. c3 Bb6 7. h3 h6 8. Re1 Re8 9. Bb3 d5 10. exd5 Nxd5 11. d4 e4 12. Ne5 Nxe5 13. dxe5 Rxe5 14. Bf4 Rf5 15. Rxe4 Be6 16. Bg3 Qf6 17. Qe2 Rd8 18. Nd2 Qg6 19. Kh2 Rh5 20. Nf3 Nf6 21. Rxe6 fxe6 22. Qxe6+ Kh8 23. Ne5 Rxe5 24. Qxe5 Re8 25. Qb5 a6 26. Qc4 Re4 27. Qd3 Qh5 28. Bc2 Kg8 29. Rd1 Kf7 30. Qd2 Re2 31. Bb3+ Kf8 32. Qd8+ Qe8 33. Qd3 Qe4 34. Qxe4 Nxe4 35. Rd8+ Ke7 36. Rg8 Rxb2 37. Rxg7+ Kf6 38. Rf7+ Kg6 39. Be5 Rxf2 40. Rg7+ Kf5 41. Bd4 Bxd4 42. cxd4 Rd2 43. d5 Nd6 44. Rxc7 Ke5 45. Re7+ Kd4 46. Re6 Kc5 47. Rxh6 b5 48. Rh8 a5 49. Rh7 a4 50. Rc7+ Kb4 51. Bc2 Rxd5 52. h4 Nc4 53. g4 Ne3 54. Kg3 Nxc2 55. Rxc2 Ka3 56. h5 b4 57. h6 Rd6 58. g5 b3 59. axb3 axb3 60. Rh2 Rd3+ 61. Kg4 Rd4+ 62. Kh5 b2 63. Rxb2 Kxb2 64. h7 Rd1 65. g6 Rh1+ 66. Kg5 Rg1+ 67. Kf6 Rf1+ 68. Kg7 Kc3 69. h8=Q Kd4 70. Qd8+ Ke5 71. Qe7+ Kd5 72. Qf7+ Rxf7+ 73. gxf7 Kd6 74. f8=Q+ Kd7 75. Qf6 Kc7 76. Qe6 Kb7 77. Qd6 Ka7 78. Qc6 Kb8 79. Qd7 Ka8 80. Kf6 1-0


[Site "https://www.chess.com"]

[Event "Titled Tuesday Blitz April 4 Early 2023"]
[White "Koridze, Lile"]
[Black "Kleiman, Jake"]
[WhiteFideId "13612514"]
[BlackFideId "2020041"]
[WhiteElo "2047"]
[BlackElo "2631"]
[Result "1-0"]
[Round "01"]
[TimeControl "180+2"]
[Date "2023.04.04"]
[WhiteClock "0:00:07"]
[BlackClock "0:00:13"]

1. d4 Nf6 2. c4 e6 3. Nf3 Bb4+ 4. Bd2 Bxd2+ 5. Qxd2 O-O 6. Nc3 d6 7. e4 Nc6 8. Bd3 e5 9. d5 Ne7 10. O-O Ng6 11. Ne2 Nh5 12. Rac1 Nhf4 13. Ng3 h5 14. h3 Nh4 15. Ne1 Qg5 16. Kh2 Qf6 17. Ne2 Nfxg2 18. f4 exf4 19. Nxf4 Qe5 20. Nxg2 Nxg2 21. Kxg2 Bd7 22. Qf2 Rae8 23. Qg3 Qxb2+ 24. Rc2 Qe5 25. Nxh5 Qxh5 26. Kh2 Re5 27. Rg2 Qh6 28. Rf4 Rh5 29. h4 Re8 30. Be2 Rhe5 31. Bg4 Ba4 32. Bf5 Bd1 33. Rg1 Bh5 34. Bd7 Rxe4 35. Rf2 R8e7 36. Bf5 Re3 37. Qg2 R3e5 38. Qg3 Re2 39. Rgg2 R2e3 40. Qg5 Qxg5 41. Rxg5 g6 42. Rfg2 Kg7 43. Rxh5 R7e5 44. Rhg5 Rc3 45. Bc8 Rxg5 46. hxg5 b6 47. Ba6 Ra3 48. Bb5 a6 49. Bc6 Rc3 50. Bb7 a5 51. Ba6 Kf8 52. Bb5 Ra3 53. Re2 Kg7 54. Rg2 Re3 55. a4 Rc3 56. Rg3 Rc2+ 57. Kh3 Re2 58. Rf3 Re1 59. Kg4 Re4+ 60. Rf4 Re1 61. Bd7 Re7 62. Bc6 Re5 63. Bd7 Re1 64. Kh4 Rh1+ 65. Kg4 Re1 66. Bb5 Kf8 67. Rf3 Re4+ 68. Rf4 Re5 69. Ba6 Ke7 70. Bb5 Re1 71. Rf3 Rg1+ 72. Kf4 Rxg5 73. Kxg5 Kf8 74. Kf6 Kg8 75. Be8 1-0


[Site "https://www.chess.com"]

[Event "Titled Tuesday Blitz April 4 Early 2023"]
[White "Bodnaruk, Anastasia"]
[Black "Mirzanurov, Bulat"]
[WhiteFideId "4181751"]
[BlackFideId "4184521"]
[WhiteElo "2310"]
[BlackElo "2019"]
[Result "1-0"]
[Round "01"]
[TimeControl "180+2"]
[Date "2023.04.04"]
[WhiteClock "0:00:44"]
[BlackClock "0:00:13"]

1. e4 c5 2. Nc3 d6 3. Nge2 Nf6 4. d4 cxd4 5. Nxd4 a6 6. Nb3 b5 7. a4 b4 8. Nd5 Nxe4 9. Qd4 Nf6 10. Nxb4 e5 11. Qc3 Be6 12. Be2 d5 13. Nc6 Nxc6 14. Qxc6+ Bd7 15. Qc3 Bd6 16. O-O O-O 17. Rd1 Qe7 18. Bg5 Be6 19. Qf3 d4 20. Nd2 Rac8 21. Ne4 Bd5 22. Bxf6 Bxe4 23. Bxe7 Bxf3 24. Bxf8 Bxe2 25. Bxd6 Bxd1 26. Rxd1 Rxc2 27. Bxe5 d3 28. g3 d2 29. Kg2 f6 30. Bc3 Kf7 31. Rxd2 Rc1 32. Rd6 Rb1 33. Rxa6 1-0


[Site "https://www.chess.com"]

[Event "Titled Tuesday Blitz April 4 Early 2023"]
[White "crosky"]
[Black "Manukyan, Sargis A."]
[BlackFideId "13303970"]
[WhiteElo "2347"]
[BlackElo "2187"]
[Result "0-1"]
[Round "01"]
[TimeControl "180+2"]
[Date "2023.04.04"]
[WhiteClock "0:00:01"]
[BlackClock "0:00:13"]

1. c4 e6 2. Nc3 Nf6 3. d4 d5 4. cxd5 exd5 5. Bg5 Be7 6. e3 O-O 7. Bd3 h6 8. Bh4 c6 9. Qc2 Nbd7 10. Nge2 Re8 11. O-O Nf8 12. Rad1 Ne6 13. f3 Ng5 14. h3 Nh5 15. Bf2 Bd6 16. f4 Nxh3+ 17. gxh3 Bxh3 18. Ng3 Nxg3 19. Bxg3 Rxe3 20. Qf2 Bxf1 21. Qxe3 Bxd3 22. Qxd3 Qd7 23. Re1 Qg4 24. Qe3 Kh7 25. Kf2 b5 26. Qf3 Qf5 27. a3 a5 28. Nd1 b4 29. Ne3 Qd3 30. f5 Bxg3+ 31. Qxg3 Qd2+ 32. Re2 Qxd4 33. f6 Qxf6+ 34. Kg2 Qg6 35. Qxg6+ Kxg6 36. Rc2 bxa3 37. bxa3 Ra6 38. a4 Rb6 39. Rc5 f6 40. Rxa5 d4 41. Nc4 Rb4 42. Nd6 d3 43. Kf1 d2 44. Ke2 Rd4 45. Kd1 Rxd6 46. Rc5 Rd4 47. a5 Ra4 48. Kxd2 h5 49. Kc3 h4 50. Kb3 Ra1 51. Kb2 Ra4 52. Kb3 Ra1 53. Kb2 Re1 54. a6 Re8 55. Rxc6 Ra8 56. Kb3 h3 57. Kb4 h2 58. Rxf6+ gxf6 0-1


[Site "https://www.chess.com"]

[Event "Titled Tuesday Blitz April 4 Early 2023"]
[White "Vaibhav Jayant Raut"]
[Black "Gallegos Diaz, Carlos Alberto"]
[WhiteFideId "5089034"]
[BlackFideId "3900886"]
[WhiteElo "2156"]
[BlackElo "2362"]
[Result "1-0"]
[Round "01"]
[TimeControl "180+2"]
[Date "2023.04.04"]
[WhiteClock "0:00:04"]
[BlackClock "0:00:08"]

1. Nf3 d6 2. d4 Nf6 3. Nc3 c6 4. e4 Qa5 5. Bd2 e5 6. dxe5 dxe5 7. Nd5 Qd8 8. Nxf6+ Qxf6 9. Bg5 Qd6 10. Qxd6 Bxd6 11. O-O-O Bc7 12. Bc4 f6 13. Be3 Bg4 14. Be2 Be6 15. Nd2 Nd7 16. Bc4 Ke7 17. Bxe6 Kxe6 18. Nc4 b5 19. Nd2 Bb6 20. Nf1 Rhd8 21. c3 Bxe3+ 22. Nxe3 Nc5 23. f3 g6 24. Kc2 a5 25. b3 f5 26. exf5+ gxf5 27. Rhe1 h5 28. g3 Rxd1 29. Rxd1 e4 30. fxe4 Nxe4 31. Ng2 Rh8 32. Nf4+ Kf6 33. Ng2 Rh7 34. Rf1 Kg5 35. Nh4 Rf7 36. Nf3+ Kh6 37. Nd4 Kg5 38. Nxc6 h4 39. gxh4+ Kxh4 40. Ne5 Rf6 41. Nf3+ Kh3 42. Nd4 Kg2 43. Rxf5 Rxf5 44. Nxf5 Kh3 45. Nd4 Kxh2 46. Nxb5 Nc5 47. b4 axb4 48. cxb4 Na6 49. Kb3 Kg3 50. Ka4 Kf4 51. Ka5 Nb8 52. a4 Nc6+ 53. Kb6 Nxb4 54. Nc7 Ke5 55. a5 Kd6 56. Nb5+ Kd7 57. Kb7 Nc6 58. a6 Nd8+ 59. Kb6 Nc6 60. Nc7 Nb8 61. a7 Na6 62. Nxa6 Kd6 63. a8=Q 1-0


[Site "https://www.chess.com"]

[Event "Titled Tuesday Blitz April 4 Early 2023"]
[White "Todorovic, Bojan"]
[Black "Toropov, Pavel"]
[WhiteFideId "917087"]
[BlackFideId "24129178"]
[WhiteElo "2266"]
[BlackElo "2182"]
[Result "0-1"]
[Round "01"]
[TimeControl "180+2"]
[Date "2023.04.04"]
[WhiteClock "0:00:12"]
[BlackClock "0:00:21"]

1. d4 d5 2. c4 c6 3. Nf3 Nf6 4. e3 Bf5 5. Nc3 e6 6. Nh4 Be4 7. f3 Bg6 8. Nxg6 hxg6 9. Bd3 Nbd7 10. O-O Bd6 11. f4 c5 12. cxd5 exd5 13. Qf3 Nb6 14. Bd2 Rc8 15. Rae1 Kf8 16. Nb5 c4 17. Nxd6 Qxd6 18. Bc2 Re8 19. a3 Kg8 20. Bb4 Qd7 21. Bc5 Nc8 22. e4 b6 23. Bb4 dxe4 24. Qe2 a5 25. Bc3 Nd6 26. d5 Nxd5 27. Rd1 Nxc3 28. bxc3 Qe7 29. Qe3 Nf5 30. Qxb6 Qh4 31. h3 Qg3 32. Qc6 Kh7 33. Bxe4 Qe3+ 0-1


[Site "https://www.chess.com"]

[Event "Titled Tuesday Blitz April 4 Early 2023"]
[White "Turayev, Shahruh"]
[Black "Matveeva, Olga"]
[WhiteFideId "14003856"]
[BlackFideId "24107018"]
[WhiteElo "2139"]
[BlackElo "2056"]
[Result "1-0"]
[Round "01"]
[TimeControl "180+2"]
[Date "2023.04.04"]
[WhiteClock "0:00:33"]
[BlackClock "0:00:18"]

1. e4 e6 2. Nc3 d5 3. exd5 exd5 4. d4 Nf6 5. Bg5 Be7 6. Bd3 h6 7. Bh4 O-O 8. Qd2 Be6 9. O-O-O c5 10. dxc5 Bxc5 11. Nge2 Nc6 12. Rhg1 Nb4 13. g4 Nxd3+ 14. Qxd3 Be7 15. g5 hxg5 16. Bxg5 Rc8 17. Nf4 Qb6 18. Bh6 Ne8 19. Nh5 Bf5 20. Qxf5 Qxh6+ 21. Kb1 Rxc3 22. bxc3 Ba3 23. Rxd5 g6 24. Rd8 Ng7 25. Nf6+ 1-0


[Site "https://www.chess.com"]

[Event "Titled Tuesday Blitz April 4 Early 2023"]
[White "Mushini Ajay"]
[Black "Skliarov, Viktor"]
[WhiteFideId "35066188"]
[BlackFideId "14106736"]
[WhiteElo "2145"]
[BlackElo "2317"]
[Result "0-1"]
[Round "01"]
[TimeControl "180+2"]
[Date "2023.04.04"]
[WhiteClock "0:01:59"]
[BlackClock "0:01:15"]

1. Nf3 g6 2. c4 Bg7 3. Nc3 c5 4. g3 Nc6 5. Bg2 Nf6 6. O-O O-O 7. d4 cxd4 8. Nxd4 Nxd4 9. Qxd4 d6 10. Bg5 Qa5 11. Qd3 Qxg5 12. e4 Qh5 13. f3 Bh3 14. Rfd1 Bxg2 15. Kxg2 Rac8 16. Rac1 a6 17. b3 Rfd8 18. Ne2 e6 19. Nf4 Qe5 20. h4 Nh5 21. Ne2 d5 22. cxd5 Rxc1 23. Rxc1 exd5 24. Rd1 d4 25. f4 Qb5 26. e5 Qxd3 27. Rxd3 Bf8 28. Rxd4 Rxd4 29. Nxd4 Bc5 30. Nf3 f5 31. Ng5 h6 32. Ne6 Bb6 33. b4 Kf7 34. Nc5 Bxc5 35. bxc5 Ng7 36. Kf3 Ne6 37. Ke3 Ke7 38. Kd3 Kd7 39. Kc4 Kc6 40. a4 a5 41. Kd3 Kxc5 42. Kc3 0-1


[Site "https://www.chess.com"]

[Event "Titled Tuesday Blitz April 4 Early 2023"]
[White "Volkov, Maksim"]
[Black "Romero Ruscalleda, Josep"]
[WhiteFideId "54123070"]
[BlackFideId "2231859"]
[WhiteElo "2312"]
[BlackElo "2183"]
[Result "1-0"]
[Round "01"]
[TimeControl "180+2"]
[Date "2023.04.04"]
[WhiteClock "0:01:11"]
[BlackClock "0:01:25"]

1. d4 g6 2. c4 Bg7 3. g3 d6 4. Bg2 Nc6 5. Nf3 Bg4 6. d5 Ne5 7. Nxe5 Bxe5 8. h3 Bd7 9. O-O c5 10. f4 Bg7 11. e4 Qc7 12. Qd3 Nf6 13. Nc3 O-O 14. Be3 Qc8 15. Kh2 a6 16. a4 b6 17. Rae1 Ne8 18. e5 dxe5 19. fxe5 Bxe5 20. Bh6 Bg7 21. Bxg7 Nxg7 22. d6 exd6 23. Bxa8 Qxa8 24. Qxd6 Be6 25. Qxb6 Bxc4 26. Rf2 Qc8 27. Ne4 Ne6 28. Nd6 Qa8 29. Nxc4 1-0


[Site "https://www.chess.com"]

[Event "Titled Tuesday Blitz April 4 Early 2023"]
[White "Garrido, Denis"]
[Black "Itgelt, Khuyagtsogt"]
[WhiteFideId "601217"]
[BlackFideId "4902912"]
[WhiteElo "2336"]
[BlackElo "2227"]
[Result "0-1"]
[Round "01"]
[TimeControl "180+2"]
[Date "2023.04.04"]
[WhiteClock "0:01:33"]
[BlackClock "0:01:23"]

1. e4 c5 2. Nf3 d6 3. d4 cxd4 4. Nxd4 Nf6 5. Nc3 a6 6. f3 e6 7. Be3 Nbd7 8. Qd2 b5 9. g4 h6 10. O-O-O Bb7 11. h4 Be7 12. Rg1 Ne5 13. g5 hxg5 14. hxg5 Nfd7 15. g6 Nc5 16. gxf7+ Nxf7 17. Ncxb5 axb5 18. Bxb5+ Kf8 19. a4 Qc8 20. Rg6 e5 21. Nf5 Nb3+ 22. Kb1 Nxd2+ 23. Bxd2 Bf6 24. Bb4 Ba6 25. Nxd6 Nxd6 26. Rxd6 Kf7 27. Bd7 Rh1+ 28. Ka2 Qc4+ 0-1


[Site "https://www.chess.com"]

[Event "Titled Tuesday Blitz April 4 Early 2023"]
[White "Taboas Rodriguez, Daniel"]
[Black "I_KID_you_not"]
[WhiteFideId "2208466"]
[WhiteElo "2365"]
[BlackElo "2331"]
[Result "1-0"]
[Round "01"]
[TimeControl "180+2"]
[Date "2023.04.04"]
[WhiteClock "0:00:54"]
[BlackClock "0:00:02"]

1. d4 g6 2. Nf3 Bg7 3. c4 Nf6 4. Nc3 d6 5. e4 O-O 6. Be2 e5 7. dxe5 dxe5 8. Qxd8 Rxd8 9. Bg5 Re8 10. Nd5 Nxd5 11. cxd5 c6 12. Bc4 cxd5 13. Bxd5 Nc6 14. O-O-O Nb4 15. Bb3 Be6 16. Bxe6 Rxe6 17. Kb1 f6 18. Be3 Nc6 19. Rd7 Re7 20. Rxe7 Nxe7 21. Rd1 b6 22. Rd7 Kf7 23. Nd2 Ke6 24. Rb7 Bf8 25. b4 h5 26. Kb2 Nc8 27. a3 Nd6 28. Rh7 Be7 29. f3 Rc8 30. h4 Nf7 31. Rg7 g5 32. Rh7 gxh4 33. Rxh5 Rg8 34. Rxh4 Rxg2 35. Kc3 Re2 36. Kd3 Rg2 37. Rg4 Rxg4 38. fxg4 Nd6 39. Nc4 Nb5 40. a4 Nc7 41. b5 Bc5 42. Bd2 Bd4 43. Bb4 Ne8 44. a5 bxa5 45. Nxa5 Nc7 46. Kc4 Bb6 47. Nc6 Kd7 48. Bc5 Bxc5 49. Kxc5 a6 50. Nb8+ Kc8 51. Nxa6 Ne6+ 52. Kd6 Nd4 53. Nc7 Kb7 54. Ne8 Nxb5+ 55. Ke6 Nc3 56. Nxf6 Kc6 57. Kxe5 Ne2 58. g5 Kc7 59. g6 Nd4 60. Kxd4 1-0


[Site "https://www.chess.com"]

[Event "Titled Tuesday Blitz April 4 Early 2023"]
[White "Real_taiatai"]
[Black "Kim, Sergey"]
[BlackFideId "13700570"]
[WhiteElo "2328"]
[BlackElo "2615"]
[Result "0-1"]
[Round "01"]
[TimeControl "180+2"]
[Date "2023.04.04"]
[WhiteClock "0:00:19"]
[BlackClock "0:01:27"]

1. b3 Nf6 2. Bb2 g6 3. Bxf6 exf6 4. e4 h5 5. d4 h4 6. h3 d6 7. Nf3 Bg7 8. Bc4 c6 9. Nc3 Nd7 10. a4 a5 11. Qe2 O-O 12. O-O Re8 13. Qd2 Nf8 14. Rfe1 f5 15. Ng5 Ne6 16. Nxe6 fxe6 17. exf5 gxf5 18. Qf4 d5 19. Bd3 Bd7 20. Re2 Qf6 21. Rae1 Qxd4 22. Qd6 Rad8 23. Nb1 Bc8 24. Qc7 Qf6 25. f4 Qd4+ 26. Kh1 Rd7 0-1


[Site "https://www.chess.com"]

[Event "Titled Tuesday Blitz April 4 Early 2023"]
[White "Al-Tarboush, Ward"]
[Black "Leebit02"]
[WhiteFideId "7601450"]
[WhiteElo "2265"]
[BlackElo "2326"]
[Result "0-1"]
[Round "01"]
[TimeControl "180+2"]
[Date "2023.04.04"]
[WhiteClock "0:00:16"]
[BlackClock "0:00:23"]

1. e4 c5 2. Nf3 Nc6 3. d4 cxd4 4. Nxd4 Nf6 5. Nc3 d6 6. Bg5 e6 7. Qd2 a6 8. O-O-O Bd7 9. f4 Be7 10. Nf3 b5 11. Bxf6 gxf6 12. Bd3 Qb6 13. Kb1 O-O-O 14. a3 h5 15. Na2 Kb8 16. Nb4 Nxb4 17. axb4 Bc6 18. c3 d5 19. e5 Bb7 20. Rhe1 h4 21. Nd4 Rdg8 22. Nb3 Qc7 23. Qf2 Rh5 24. f5 fxe5 25. fxe6 fxe6 26. Qf7 Rhg5 27. Qxe6 R8g6 28. Qf7 Rf6 29. Qe8+ Ka7 30. Na5 Rf8 31. Qxf8 Bxf8 32. Rf1 Bd6 33. Rf6 e4 34. Bc2 Be5 35. Rf8 Bg7 36. Re8 Qd7 37. Rg8 Rxg2 38. Bb3 Ba8 39. Rxa8+ Kxa8 40. Rxd5 Qe8 41. Rc5 Rd2 42. Rc7 Rd6 43. Rxg7 e3 44. Rg1 e2 45. Re1 Qe4+ 46. Bc2 Rd1+ 47. Ka2 Qxc2 0-1


[Site "https://www.chess.com"]

[Event "Titled Tuesday Blitz April 4 Early 2023"]
[White "Fernandez Siles, Luis"]
[Black "Poliakova, Varvara"]
[WhiteFideId "2209420"]
[BlackFideId "13518313"]
[WhiteElo "2195"]
[BlackElo "2075"]
[Result "0-1"]
[Round "01"]
[TimeControl "180+2"]
[Date "2023.04.04"]
[WhiteClock "0:00:26"]
[BlackClock "0:01:24"]

1. d4 f5 2. Nc3 d5 3. Bg5 g6 4. h4 h6 5. Bf4 Bg7 6. Nf3 e6 7. e3 c6 8. Ne5 Ne7 9. Bd3 Nd7 10. Qf3 Nxe5 11. Bxe5 Bxe5 12. dxe5 Qc7 13. Qg3 Bd7 14. f4 O-O-O 15. O-O-O a6 16. Kb1 c5 17. Be2 Rhg8 18. Bf3 Nc6 19. Bxd5 exd5 20. Nxd5 Qa5 21. Nf6 Be6 22. b3 Nb4 23. a4 c4 24. Nxg8 Rxg8 25. Rd6 cxb3 26. Rxe6 Qxa4 27. Kc1 bxc2 28. Kd2 Qb3 29. Rc1 Qxe6 30. e4 Rd8+ 31. Ke1 Nd3+ 0-1


[Site "https://www.chess.com"]

[Event "Titled Tuesday Blitz April 4 Early 2023"]
[White "Atanasov, Anthony"]
[Black "Nery Junior, Jose Antonio"]
[WhiteFideId "2623897"]
[BlackFideId "2104822"]
[WhiteElo "2326"]
[BlackElo "2197"]
[Result "1-0"]
[Round "01"]
[TimeControl "180+2"]
[Date "2023.04.04"]
[WhiteClock "0:00:15"]
[BlackClock "0:00:13"]

1. d4 d5 2. Bf4 c5 3. Nf3 Nc6 4. e3 Nf6 5. Nbd2 Bg4 6. c3 e6 7. h3 Bxf3 8. Nxf3 Qb6 9. Qc2 Rc8 10. Qb3 Qxb3 11. axb3 a6 12. Bd3 Nd7 13. O-O Be7 14. Rfe1 O-O 15. Nd2 Rfe8 16. Bg3 f6 17. Nf3 g6 18. e4 Kf7 19. exd5 exd5 20. dxc5 Bxc5 21. b4 Bb6 22. b5 axb5 23. Bxb5 Rxe1+ 24. Nxe1 Nde5 25. Nc2 Rd8 26. Rd1 Ke7 27. Kf1 d4 28. cxd4 Nxd4 29. Nxd4 Rxd4 30. Rc1 Rb4 31. Bxe5 fxe5 32. Bd3 Rxb2 33. Rc2 Rb1+ 34. Ke2 Rb3 35. Be4 Ba5 36. Rc5 Rb2+ 37. Kd3 b6 38. Rxe5+ Kf6 39. f4 Ra2 40. Re8 Ra3+ 41. Ke2 Bb4 42. Rb8 Bc5 43. Rb7 h6 44. Bd5 Re3+ 45. Kd2 Rg3 46. Rf7# 1-0


[Site "https://www.chess.com"]

[Event "Titled Tuesday Blitz April 4 Early 2023"]
[White "Ovezdurdyyeva, Jemal"]
[Black "Sokac, Marko"]
[WhiteFideId "14001888"]
[BlackFideId "14531356"]
[WhiteElo "2043"]
[BlackElo "2355"]
[Result "0-1"]
[Round "01"]
[TimeControl "180+2"]
[Date "2023.04.04"]
[WhiteClock "0:00:22"]
[BlackClock "0:01:53"]

1. e4 d6 2. Nf3 Nf6 3. Nc3 Bg4 4. d4 e6 5. Be2 Be7 6. O-O d5 7. exd5 exd5 8. Bf4 c6 9. h3 Bf5 10. Ne5 O-O 11. Bd3 Bxd3 12. Qxd3 Nbd7 13. Rfe1 Re8 14. Re2 Bb4 15. f3 Nxe5 16. Bxe5 Nd7 17. a3 Nxe5 18. dxe5 Bc5+ 19. Kh1 Qg5 20. Rae1 Qg3 21. Na4 Bf8 22. Qd4 Re6 23. Qg4 Qxg4 24. hxg4 Rae8 25. g3 f6 26. f4 fxe5 27. fxe5 b5 28. Nc3 Bc5 29. Kg2 Bd4 30. Kf3 Rxe5 31. Rxe5 Rxe5 32. Rd1 Re3+ 33. Kf4 Bb6 34. a4 d4 35. a5 Bc7+ 0-1


[Site "https://www.chess.com"]

[Event "Titled Tuesday Blitz April 4 Early 2023"]
[White "Munoz, Francisco Javier"]
[Black "Estremera Panos, Sergio"]
[WhiteFideId "128368"]
[BlackFideId "2200864"]
[WhiteElo "2383"]
[BlackElo "2253"]
[Result "1-0"]
[Round "01"]
[TimeControl "180+2"]
[Date "2023.04.04"]
[WhiteClock "0:00:38"]
[BlackClock "0:00:39"]

1. e4 c5 2. Nc3 g6 3. f4 Nc6 4. Nf3 Bg7 5. Bb5 Nd4 6. Nxd4 cxd4 7. Ne2 e6 8. O-O a6 9. Ba4 Ne7 10. Bb3 b5 11. d3 Bb7 12. a4 O-O 13. Ng3 d5 14. e5 Qd7 15. Bd2 Rfc8 16. h4 h5 17. Kh2 Bf8 18. Rg1 Bc6 19. axb5 axb5 20. Rxa8 Rxa8 21. Qf3 Qa7 22. Kh3 Be8 23. Ne2 Nf5 24. g4 hxg4+ 25. Rxg4 Bg7 26. h5 Qa1 27. Bc1 Ne3 28. Rg1 Nf5 29. Ng3 Nxg3 30. Qxg3 Qa7 31. f5 exf5 32. hxg6 fxg6 33. Bxd5+ Kf8 34. Bg5 Rc8 35. e6 Rc7 36. e7+ Rxe7 37. Qd6 Bf7 38. Re1 Bxd5 39. Rxe7 1-0


[Site "https://www.chess.com"]

[Event "Titled Tuesday Blitz April 4 Early 2023"]
[White "Zampronha, Wladimir Camilo"]
[Black "Antal, Gergely"]
[WhiteFideId "2103087"]
[BlackFideId "717312"]
[WhiteElo "2176"]
[BlackElo "2471"]
[Result "0-1"]
[Round "01"]
[TimeControl "180+2"]
[Date "2023.04.04"]
[WhiteClock "0:00:02"]
[BlackClock "0:00:05"]

1. e4 c6 2. d4 d5 3. e5 c5 4. Nf3 Nc6 5. c4 Bg4 6. cxd5 Qxd5 7. Nc3 Bxf3 8. Nxd5 Bxd1 9. Nc7+ Kd7 10. Nxa8 Bc2 11. d5 Nxe5 12. Bf4 Ng6 13. Bg3 Be4 14. Nc7 a6 15. Rc1 Nf6 16. Rxc5 e5 17. dxe6+ fxe6 18. Rc4 e5 19. a3 Bc6 20. Na8 b5 21. Nb6+ Kc7 22. Rc1 Kxb6 23. f3 Nf4 24. Bf2+ Kb7 25. g3 Bxf3 26. gxf4 Bxh1 27. fxe5 Ne4 28. Be3 Be7 29. Bh3 Ng5 30. Bg4 Bd5 31. Kf2 Rf8+ 32. Kg3 Ne6 33. Rd1 Kc6 34. Rc1+ Kb7 35. Rd1 Nc7 36. Bf4 g5 37. Be3 h6 38. b4 Rd8 39. Rf1 Bc4 40. Rc1 Nd5 41. Bf2 Kb8 42. Rd1 Nc7 43. Bf3 Re8 44. Bb6 Be6 45. Bg4 Bxg4 46. Kxg4 Kb7 0-1


[Site "https://www.chess.com"]

[Event "Titled Tuesday Blitz April 4 Early 2023"]
[White "Seemann, Jakub"]
[Black "Ward, Ieuan C"]
[WhiteFideId "21874697"]
[BlackFideId "406627"]
[WhiteElo "2364"]
[BlackElo "2317"]
[Result "1-0"]
[Round "01"]
[TimeControl "180+2"]
[Date "2023.04.04"]
[WhiteClock "0:00:04"]
[BlackClock "0:00:01"]

1. c4 e5 2. Nc3 Nc6 3. e3 g6 4. Nge2 Bg7 5. g3 d6 6. Bg2 Nge7 7. O-O O-O 8. Rb1 Be6 9. d3 Qd7 10. b4 Bh3 11. b5 Nd8 12. d4 Bxg2 13. Kxg2 exd4 14. exd4 d5 15. c5 Ne6 16. Be3 Nf5 17. Qd3 c6 18. Rfd1 Rfe8 19. a4 a6 20. bxc6 bxc6 21. Rb6 a5 22. Rdb1 Rec8 23. Rb7 Rc7 24. Rb8+ Rc8 25. Rxa8 Rxa8 26. g4 Nxe3+ 27. fxe3 Ng5 28. h3 Qe7 29. Ng3 Re8 30. Re1 Ne6 31. Re2 Qh4 32. Nd1 Bh6 33. Nf2 Bf4 34. Nf1 h5 35. Qa6 Bc7 36. Qxc6 Nf4+ 37. Kf3 hxg4+ 38. hxg4 Re4 39. Qxc7 Nh3 40. Nxe4 dxe4+ 41. Kg2 Qxg4+ 42. Ng3 1-0


[Site "https://www.chess.com"]

[Event "Titled Tuesday Blitz April 4 Early 2023"]
[White "ibove"]
[Black "Belozerov, Andrei"]
[BlackFideId "4120213"]
[WhiteElo "2315"]
[BlackElo "2373"]
[Result "0-1"]
[Round "01"]
[TimeControl "180+2"]
[Date "2023.04.04"]
[WhiteClock "0:00:48"]
[BlackClock "0:00:55"]

1. d4 d5 2. Nf3 Nf6 3. Bf4 c5 4. e3 Nc6 5. c3 Qb6 6. Qb3 c4 7. Qc2 Bf5 8. Qc1 e6 9. Nbd2 Be7 10. Be2 O-O 11. O-O Rfc8 12. h3 Qd8 13. Ne5 b5 14. Bh2 h6 15. g4 Bh7 16. f4 b4 17. g5 Ne4 18. Nxe4 Bxe4 19. gxh6 g6 20. Bf3 Bxf3 21. Rxf3 Qf8 22. Ng4 f5 23. Ne5 Nxe5 24. fxe5 Qxh6 25. Bf4 Qh5 26. Rg3 Kf7 27. Qd1 Rh8 28. Qxh5 Rxh5 29. Rf3 Rah8 30. Kg2 g5 31. Bh2 g4 32. Rg3 Rxh3 33. Rh1 Rxg3+ 34. Bxg3 Rxh1 35. Kxh1 b3 36. axb3 cxb3 37. Kg2 Ba3 0-1


[Site "https://www.chess.com"]

[Event "Titled Tuesday Blitz April 4 Early 2023"]
[White "Aslanov, Umid"]
[Black "Kalajzic, Ivan"]
[WhiteFideId "13412620"]
[BlackFideId "14506378"]
[WhiteElo "2013"]
[BlackElo "2203"]
[Result "1-0"]
[Round "01"]
[TimeControl "180+2"]
[Date "2023.04.04"]
[WhiteClock "0:00:38"]
[BlackClock "0:00:05"]

1. e4 Nc6 2. d4 d5 3. e5 f6 4. exf6 Nxf6 5. Nf3 Bg4 6. Be2 Bxf3 7. Bxf3 e5 8. dxe5 Nxe5 9. O-O Nxf3+ 10. Qxf3 Be7 11. Bg5 O-O 12. Bxf6 Bxf6 13. c3 c6 14. Nd2 Be5 15. Qe2 Qd6 16. h3 Rae8 17. Qd3 Bh2+ 18. Kh1 Bf4 19. Nf3 Re4 20. Rae1 Rfe8 21. Rxe4 Rxe4 22. Re1 Qe6 23. Rxe4 Qxe4 24. Qxe4 dxe4 25. Nd4 Kf7 26. g3 Bc1 27. b3 Bb2 28. Ne2 Ke6 29. Kg2 b5 30. Kf1 g5 31. Ke1 Ba3 32. Nd4+ Kd5 33. Ke2 Bb2 34. Kd2 b4 35. Ne2 bxc3+ 36. Nxc3+ Bxc3+ 37. Kxc3 c5 38. a3 a5 39. a4 h6 40. g4 Ke5 41. Kc4 Kf4 42. Kxc5 Kf3 43. Kd4 Kxf2 44. Kxe4 Kg3 45. b4 axb4 46. a5 Kxh3 47. a6 b3 48. Kd3 Kxg4 49. a7 Kg3 50. a8=Q Kh2 51. Qf3 1-0


[Site "https://www.chess.com"]

[Event "Titled Tuesday Blitz April 4 Early 2023"]
[White "Arat, Ufuk Sezen"]
[Black "Ozates, Tuna"]
[WhiteFideId "6309089"]
[BlackFideId "6354521"]
[WhiteElo "2289"]
[BlackElo "2151"]
[Result "0-1"]
[Round "01"]
[TimeControl "180+2"]
[Date "2023.04.04"]
[WhiteClock "0:00:21"]
[BlackClock "0:00:16"]

1. e4 c5 2. Nf3 Nc6 3. d4 cxd4 4. Nxd4 e5 5. Nb5 d6 6. c4 Be6 7. N1c3 a6 8. Na3 g6 9. Be3 Bg7 10. Nc2 Nge7 11. Qd2 O-O 12. h4 f5 13. Bh6 f4 14. Bxg7 Kxg7 15. h5 Qb6 16. hxg6 hxg6 17. O-O-O Rad8 18. Nd5 Bxd5 19. cxd5 Nb8 20. Kb1 Nd7 21. g3 Rc8 22. gxf4 Rxf4 23. Ne3 Rcf8 24. f3 Rxf3 25. Ng4 R8f4 26. Qh2 Nf8 27. Qh8+ Kf7 28. Be2 Rg3 29. Rdf1 Rg2 30. Rxf4+ exf4 31. e5 Rg1+ 32. Rxg1 Qxg1+ 33. Kc2 Qc5+ 34. Kb1 Qxd5 35. Qf6+ Ke8 36. Qxd6 Qxd6 37. exd6 Nf5 38. Bd3 Nxd6 39. Kc2 Ke7 40. Kd2 Ke6 41. Ke2 Kd5 42. Kf3 g5 43. Nf6+ Ke6 44. Ng4 Nd7 45. Bc2 Ne5+ 46. Nxe5 Kxe5 47. Kg4 Kf6 48. Bd1 Nc4 49. Bf3 Ne5+ 0-1


[Site "https://www.chess.com"]

[Event "Titled Tuesday Blitz April 4 Early 2023"]
[White "Jakubowski, Krzysztof"]
[Black "Idnani, Roshan"]
[WhiteFideId "1112848"]
[BlackFideId "2072939"]
[WhiteElo "2359"]
[BlackElo "2306"]
[Result "1-0"]
[Round "01"]
[TimeControl "180+2"]
[Date "2023.04.04"]
[WhiteClock "0:00:32"]
[BlackClock "0:00:44"]

1. e4 c5 2. Nf3 d6 3. d4 cxd4 4. Nxd4 Nf6 5. Nc3 a6 6. Be3 e5 7. Nb3 Be6 8. h3 Be7 9. Qf3 O-O 10. O-O-O b5 11. g4 Nc6 12. g5 Nd7 13. Rg1 Nb6 14. Kb1 Nc4 15. Bc1 Qb6 16. h4 a5 17. Bh3 a4 18. Nd2 b4 19. Nd5 Bxd5 20. exd5 Nd4 21. Qd3 Nxd2+ 22. Bxd2 b3 23. cxb3 axb3 24. a3 Qc5 25. Rc1 Qb6 26. f4 Qb5 27. Qxb5 Nxb5 28. f5 f6 29. Be3 Rfc8 30. Rc6 Rxc6 31. dxc6 d5 32. Rc1 d4 33. Bd2 Rc8 34. Bg2 Bd8 35. Bd5+ Kh8 36. Bxb3 e4 37. Be6 Ra8 38. Bf4 Ra7 39. Rc5 e3 40. Rxb5 1-0


[Site "https://www.chess.com"]